 Dungeon Sprint DCSS version 0.31.0-1-g2c135a0 (webtiles) character file.

Game seed: 15159642846581892506

62 PurpleRed the Destroyer (level 3, -1/27 (28) HPs)
             Began as a Deep Elf Conjurer on Mar 9, 2024.
             Slain by a necrophage (2 damage)
             ... in the Dungeon (Sprint II: "The Violet Keep of Menkaure").
             The game lasted 00:00:22 (17 turns).

PurpleRed the Destroyer (Deep Elf Conjurer)           Turns: 17, Time: 00:00:22

HP:   -1/27 (28)    AC:  2    Str:  4    XL:     3   Next: 85%
MP:   4/12          EV: 12    Int: 24    God:
Gold: 0             SH:  0    Dex: 13    Spells: 13/14 levels left

rFire   . . .        (no weapon)
rCold   . . .        (no shield)
rNeg    . . .        a - +0 robe
rPois   .            (no helmet)
rElec   .            (no cloak)
rCorr   .            (no gloves)
SInv    .            (no boots)
Will    .....        (no amulet) Stlth
                     (no ring)
HPRegen 0.24/turn    (no ring)
MPRegen 0.13/turn

%: no teleportation
@: berserking, hasted, drained, very quick
A: no striking features
a: no special abilities


You were in the Dungeon.
You visited 1 branch

Inventory:

Armour
 a - a +0 robe (worn)
Scrolls
 g - a scroll of blinking
Potions
 b - 3 potions of magic
 c - a potion of curing
 d - a potion of heal wounds


   Skills:
 - Level 2.4 Dodging
 - Level 2.4 Stealth
 + Level 6.4 Spellcasting
 * Level 8.1 Conjurations


You had 13 spell levels left.
You knew the following spells:

 Your Spells              Type           Power      Damage    Failure   Level
a - Magic Dart            Conj           100%       1d8       1%          1

Your spell library contained the following spells:

 Spells                   Type           Power      Damage    Failure   Level
 Searing Ray              Conj           92%        2d7       1%          2
 Fulminant Prism          Conj/Alch      13%        3d8       14%         4
 Iskenderun's Mystic Bla  Conj/Tloc      27%        2d7       14%         4


Dungeon Overview and Level Annotations

Branches:
Dungeon (1/1)

Altars:


Message History

The necrophage hits you but does no damage.
You hit the necrophage but do no damage.
You completely miss the necrophage. The necrophage closely misses you.
You hit the necrophage but do no damage.
The necrophage completely misses you.
You punch the necrophage!
The necrophage is moderately damaged.
You punch the necrophage!
The necrophage is heavily damaged.
The necrophage hits you.
You barely miss the necrophage.
The necrophage is heavily damaged.
The necrophage closely misses you.
You hit the necrophage.
The necrophage is severely damaged.
You hit the necrophage.
The necrophage is almost destroyed.
The necrophage hits you.
* * * LOW HITPOINT WARNING * * *
You feel drained.
* * * LOW HITPOINT WARNING * * *
You punch the necrophage!
You destroy the necrophage!
Your magical contamination has completely faded away.
Your life force feels restored.
Your Spellcasting skill gained 3 levels and is now at level 6!
Your Conjurations skill gained 4 levels and is now at level 8!
You have reached level 2!
You have reached level 3!
Your experience leads to an increase in your attributes!
Increase (S)trength, (I)ntelligence, or (D)exterity?
You feel clever. x2
You hit the necrophage.
The necrophage is moderately damaged.
You hit the necrophage.
The necrophage is moderately damaged.
The necrophage hits you.
* * * LOW HITPOINT WARNING * * *
You feel drained.
You die...

# #+# .##
##.##nn.#
+.<@n#
##.##...#
#+# .## #


You could see 3 necrophages.

Vanquished Creatures
  A necrophage (D)
1 creature vanquished.

Notes
Turn   | Place    | Note
-------+----------+-------------------------------------------
     0 | D        | PurpleRed the Deep Elf Conjurer began the quest for the
                  | Orb.
     0 | D        | Reached XP level 1. HP: 10/10 MP: 6/6
     2 | D        | Noticed a necrophage
     2 | D        | Noticed a necrophage
     2 | D        | Noticed a necrophage
     2 | D        | Noticed a necrophage
    15 | D        | Killed a necrophage
    16 | D        | Reached skill level 8 in Conjurations
    16 | D        | Reached XP level 2. HP: 4/15 MP: 3/11
    16 | D        | Reached XP level 3. HP: 5/19 MP: 3/12
    17 | D        | HP: 1/28 [necrophage (4)]
    17 | D        | Slain by a necrophage

Illustrated notes

Levels and vault maps discovered:
D:        the_violet_keep_of_menkaure [sprint2_stairs_cluster_1,
          sprint2_shoproom, sprint2_temple, sprint2_basic_supplies,
          sprint2_obstacle_5, sprint2_obstacle_1, sprint2_obstacle_7,
          sprint2_obstacle_4, sprint2_obstacle_2, sprint2_timed_cluster_1,
          sprint2_smallroom_cluster_1, sprint2_smallroom_final_cluster_1,
          sprint2_transparent_cluster_1, sprint2_second_timed_cluster_1,
          sprint2_sniper_area_1, sprint2_heavy_combat_area_1,
          sprint2_mutation_trap_area_1, sprint2_forest_area_1,
          sprint2_light_combat_area_1, sprint2_behind_water_1,
          sprint2_near_end_vault_1]

Skill      XL: |  1 |
---------------+----+-----
Spellcasting   | 6 |  6.4
Conjurations   | 8 |  8.1
Dodging        | |  2.4
Stealth        | |  2.4

Action                     || total
---------------------------++-------
  Melee: Unarmed           ||    11
   Cast: Magic Dart        ||     2
    Use: Potion            ||     2
 Armour: Robe              ||     4
  Dodge: Dodged            ||     3
